 Dungeon Crawl Stone Soup version 0.32-a0-841-g4648e6c457 (webtiles) character file.

Game seed: 11019290765273800376

753 Chadwick1 the Trooper (level 7, -4/63 HPs)
             Began as a Minotaur Monk on Mar 26, 2024.
             Was a Believer of Ru.
             Slain by an orc
             ... wielding a +2 dagger of holy wrath
              (5 damage)
             ... on level 5 of the Dungeon.
             The game lasted 00:30:58 (5888 turns).

Chadwick1 the Trooper (Minotaur Monk)               Turns: 5888, Time: 00:31:00

Health: -4/63      AC:  6    Str: 17    XL:     7   Next: 49%
Magic:  6/6        EV:  9    Int: 11    God:    Ru [**....]
Gold:   284        SH:  0    Dex: 21    Spells: 6/6 levels left

rFire   x . .        l - +1 long sword
rCold   + . .        d - orb {light}
rNeg    . . .        n - +1 robe of Gabeh {Dex+4}
rPois   .            (helmet restricted)
rElec   .            h - +0 cloak
rCorr   .            b - +0 pair of gloves
SInv    .            j - +0 pair of boots
Will    .....        (no amulet)
Stlth   +            q - +6 ring of dexterity
HPRegen 0.30/turn    r - ring of ice
MPRegen 0.10/turn

%: no passive effects
@: lethally poisoned (-4 -> -7), glowing
A: horns 2, no earth magic, no necromancy magic, no alchemy magic, reduced EV 1,
retaliatory headbutt, clever 1, deterioration 1
a: Renounce Religion


You were on level 5 of the Dungeon.
You worshipped Ru.
Ru was pleased with you.
You visited 1 branch of the dungeon, and saw 5 of its levels.

You collected 284 gold pieces.

Inventory:

Hand Weapons
 l - a +1 long sword (weapon)
Missiles
 p - 3 poisoned darts (quivered)
Armour
 b - a +0 pair of gloves (worn)
 d - an orb of light (worn)
 g - a +1 robe of willpower
 h - a +0 cloak (worn)
 j - a +0 pair of boots (worn)
 n - the +1 robe of Gabeh (worn) {Dex+4}
   (You found it on level 4 of the Dungeon)

   Dex+4:     It affects your dexterity (+4).
Jewellery
 q - a +6 ring of dexterity (left hand)
 r - a ring of ice (right hand)
Wands
 o - a wand of polymorph (12)
Scrolls
 f - 3 scrolls of identify
Potions
 c - 2 potions of ambrosia


   Skills:
 + Level 6.2 Fighting
 + Level 4.8 Long Blades
 + Level 5.7 Polearms
 + Level 0.2 Throwing
 + Level 5.4 Dodging
 + Level 1.4 Stealth


You had 6 spell levels left.
You didn't know any spells.
Your spell library contained the following spells:

 Spells                   Type           Power      Damage    Failure   Level
 Frozen Ramparts          Ice            0%         1d1       71%         3
 Ozocubu's Armour         Ice            0%         N/A       71%         3
 Metabolic Englaciation   Hex/Ice        0%         N/A       100%        5


Dungeon Overview and Level Annotations

Branches:
Dungeon (5/15)
 Temple: D:4-7

Altars:
Gozag
Ru


Innate Abilities, Weirdness & Mutations

You have a pair of horns on your head.
You cannot study or cast Earth magic.
You cannot study or cast Necromancy magic.
You cannot study or cast Alchemy magic.
You have somewhat slow reflexes. (EV -5)
You reflexively headbutt those who attack you in melee.
Your mind is acute. (Int +4, Str/Dex -1)
Your body sometimes deteriorates upon taking damage.


Message History

The orc closely misses you.
The orc hits you with a +2 dagger of holy wrath.
* * * LOW HITPOINT WARNING * * *
* * * LOW HITPOINT WARNING * * *
You feel sick. The orc attacks as it pursues you!
The orc hits you with a +0 dagger.
* * * LOW HITPOINT WARNING * * *
It was a potion of lignification.
You turn into a tree.
Your +0 cloak melds into your body.
Your +0 pair of gloves melds into your body.
Your +0 pair of boots melds into your body.
The +1 robe of Gabeh {Dex+4} melds into your body.
Your roots penetrate the ground.
* * * LOW HITPOINT WARNING * * *
You feel very sick. The orc hits you but does no damage.
Unknown command.
Unknown command.
Unknown command.
Unknown command.
Unknown command.
You feel sick. The orc hits you but does no damage. x2
You feel sick. The orc hits you but does no damage. x2
You feel sick.
The orc hits you with a +2 dagger of holy wrath.
* * * LOW HITPOINT WARNING * * *
The orc hits you but does no damage.
It was a potion of cancellation.
Your magical effects are unravelling.
You feel magically purged.
You feel less wooden.
Your +0 cloak unmelds from your body.
Your +0 pair of gloves unmelds from your body.
Your +0 pair of boots unmelds from your body.
The +1 robe of Gabeh {Dex+4} unmelds from your body.
* * * LOW HITPOINT WARNING * * *
You feel sick.
The orc hits you with a +2 dagger of holy wrath.
You die...
Ru respects your ultimate sacrifice.

......#.##.....##.######.#
.#.####.##.....##........#
.#........#############.##
.....###..###............#
.....###..†##.#########.##
............#.##... ...#
.....###.##.#.##.# #.##
.......(.##......# #.#
......#...(...##@# #..
...<#.#.###....oo# ###
#####.#. ######))# .#.
..... ####..# #... ##.#
..# ..


You could see 2 orcs.

Vanquished Creatures
  Duvessa (D:5)
  A scorpion (D:4)
  Dowan (D:5)
  2 jellies (D:5)
  A gnoll bouda (D:5)
  3 hounds
  3 iguanas
  Ijyb (D:5)
  2 orc wizards (D:5)
  7 gnolls
  7 adders
  2 ufetubi (D:4)
  A ribbon worm (D:3)
  2 dart slugs
  2 orcs
  8 endoplasms
  3 goblins
  6 hobgoblins
  6 jackals
  9 kobolds
  2 quokkas (D:2)
  7 ball pythons
  7 bats
  4 frilled lizards
  7 rats
95 creatures vanquished.

Notes
Turn   | Place    | Note
-------+----------+-------------------------------------------
     0 | D:1      | Chadwick1 the Minotaur Monk began the quest for the Orb.
     0 | D:1      | Reached XP level 1. HP: 19/19 MP: 0/0
    82 | D:1      | Reached XP level 2. HP: 25/27 MP: 1/1
   345 | D:1      | Found a faded altar of an unknown god.
   355 | D:1      | Prayed at the altar of an unknown god.
   355 | D:1      | Became a worshipper of Ru the Awakened
   377 | D:1      | Gained mutation: You have somewhat slow reflexes. (EV -5)
                  | [Ru sacrifice]
   377 | D:1      | Reached * piety under Ru
   393 | D:1      | Reached skill level 4 in Fighting
   902 | D:1      | Reached XP level 3. HP: 30/33 MP: 2/2
  1394 | D:2      | Gained mutation: Your body sometimes deteriorates upon
                  | taking damage. [potion of mutation]
  1394 | D:2      | Gained mutation: Your mind is acute. (Int +4, Str/Dex -1)
                  | [potion of mutation]
  2001 | D:3      | Reached XP level 4. HP: 41/41 MP: 3/3
  2047 | D:3      | Found an opulent altar of Gozag.
  2494 | D:3      | Reached skill level 5 in Polearms
  2629 | D:3      | Gained mutation: You cannot study or cast Earth magic. [Ru
                  | sacrifice]
  2629 | D:3      | Gained mutation: You cannot study or cast Alchemy magic.
                  | [Ru sacrifice]
  2629 | D:3      | Gained mutation: You cannot study or cast Necromancy magic.
                  | [Ru sacrifice]
  2629 | D:3      | Reached ** piety under Ru
  3047 | D:4      | Reached XP level 5. HP: 47/47 MP: 4/4
  3051 | D:4      | Identified the +1 robe of Gabeh {Dex+4}
  3156 | D:4      | Identified the +5 hand axe "Juwu" {drain, rCorr SInv}
  3258 | D:4      | Reached skill level 5 in Fighting
  3258 | D:4      | Reached skill level 1 in Long Blades
  3526 | D:4      | Reached XP level 6. HP: 28/56 MP: 5/5
  5015 | D:5      | Entered Level 5 of the Dungeon
  5458 | D:5      | Reached skill level 1 in Stealth
  5499 | D:5      | Reached skill level 5 in Dodging
  5728 | D:5      | Noticed Duvessa
  5728 | D:5      | Noticed Dowan
  5742 | D:5      | Killed Duvessa
  5743 | D:5      | Reached XP level 7. HP: 40/62 MP: 6/6
  5744 | D:5      | Killed Dowan
  5745 | D:5      | Reached skill level 6 in Fighting
  5868 | D:5      | Noticed Ijyb
  5881 | D:5      | Killed Ijyb
  5887 | D:5      | HP: 2/94 [orc/+2 dagger of holy wrath (3)]
  5888 | D:5      | Slain by an orc

Illustrated notes

Levels and vault maps discovered:
D:1:      saegor_arrival_simple_c, layout_basic,
          ebering_ecumenical_altar_abandoned
D:2:      layout_rooms, chequers_decorated_corner
D:3:      layout_basic, mainiacjoe_overflow_chevrons
D:4:      wad_woods_pond, layout_basic, minivault_26
D:5:      layout_basic, serial_shops, nicolae_shop_behind_doors,
          eino_small_chamber_without_monster, uniq_crazy_yiuf_cottage,
          uniq_ijyb, uniq_duvessa

Skill      XL: |  1  2  3  4  5  6  7 |
---------------+----------------------+-----
Polearms       | 4 5 |  5.7
Fighting       | 4 5 6 |  6.2
Dodging        | 4 5 |  5.4
Long Blades    | 1 3 4 |  4.8
Stealth        | 1 |  1.4
Throwing       | |  0.2

Action                     |  1- 3 |  4- 6 |  7- 9 || total
---------------------------+-------+-------+-------++-------
  Melee: Spear             |   102 |    39 |       ||   141
         Headbutt          |    19 |    24 |     4 ||    47
         Long sword        |       |    82 |    22 ||   104
  Throw: Dart              |       |     3 |       ||     3
 Invoke: Sacrifice Health  |     1 |       |       ||     1
         Sacrifice Arcana  |       |     1 |       ||     1
    Use: Potion            |     6 |     2 |     2 ||    10
         Scroll            |     1 |     2 |       ||     3
 Armour: Robe              |    82 |   105 |    22 ||   209
         Skin              |       |       |     7 ||     7
  Dodge: Dodged            |    41 |    63 |    15 ||   119

Table legend: (Time is in decaauts)
 A = Elapsed time spent in this place.
 B = Non-inter-level travel time spent in this place.
 C = Inter-level travel time spent in this place.
 D = Time resting spent in this place.
 E = Time spent auto-exploring this place.
 F = Levels seen in this place.
 G = Mean time per level.
                   A        B        C        D        E       F      G
               +--------+--------+--------+--------+--------+-----+--------+
         Total |   5900 |   5870 |     30 |   1715 |   2358 |   5 | 1180.0 |
       Dungeon |   5900 |   5870 |     30 |   1715 |   2358 |   5 | 1180.0 |
               +--------+--------+--------+--------+--------+-----+--------+

Top non-repeatable levels by time:
     D:4: 2194 daAuts
     D:1: 1363 daAuts
     D:5: 884 daAuts
     D:3: 842 daAuts
     D:2: 615 daAuts
